TKirby, chaotic female elven Wizard -------- ----- |......| |...| |......| #.[...### |.....{| ###|>.%|####-......| ------------- # |...+# |......| + ----- |............##### -----# -----|-- # ##.....########x#d@.f.........| #### ## # # |<..| |..........`.########## # # # ### |....######## ------------- # ### --.-- # ----- # # # |....### ### # ### |...| # #---|------ |....#############*### #.........| |...| |.{....>.| ----- |........| ---------- TKirby the Conjurer Experience level: 3 Strength: 10 Dexterity: 14 Constitution: 15 Intelligence: 20 Wisdom: 11 Charisma: 7 Health: 0(24) Energy: 37(37) Def: 1 Gold: 184 Moves: 1634 Dungeon seed: Py4t096C7vaeY-as Game ID: TKirby_1506358151 Your Inventory: Coins $ - 184 gold pieces Weapons a - a blessed +1 quarterstaff (weapon in hands) Armor e - an uncursed +0 cloak of magic resistance (being worn) Scrolls i - 2 uncursed scrolls of light j - a blessed scroll of teleportation Potions p - an uncursed potion of extra healing Rings c - an uncursed ring of shock resistance d - an uncursed ring of searching (on left hand) r - an uncursed ring of protection from shape changers Wands b - a wand of cancellation (0:6) Tools o - an uncursed bag of holding Contents of the bag of holding: a blessed spellbook of force bolt an uncursed spellbook of healing an uncursed potion of confusion an uncursed potion of oil an uncursed potion of sickness an uncursed wooden harp Spells and supernatural/magical abilities: Name Level Category Fail Memory a - force bolt 1 attack 0% 92% h - healing 1 healing 0% 92% W - pray for help -- divine ? -- Your skills at the end: Fighting Skills Weapon Skills quarterstaff [Basic] Spellcasting Skills attack spells [Basic] enchantment spells [Basic] Final Attributes: You were piously aligned. You were magic-protected. You had automatic searching. You had infravision. You are dead. Vanquished creatures: a shrieker 2 hobbits 2 giant rats a cave spider a red mold a gecko 3 jackals a fox a goblin 7 grid bugs 2 lichens a kobold zombie 7 newts 30 creatures vanquished. Voluntary challenges: You followed a strict vegan diet. You used a wielded weapon 27 times, starting on turn 64. You were illiterate. You never genocided any monsters. You never polymorphed an object. You never changed form. You used no wishes. You never split a pudding. You never wrote Elbereth's name. You never violated your personal moral code. Dungeon overview: The Dungeons of Doom: levels 1 to 3 Level 1 a fountain a long staircase Level 2 a fountain Level 3 <- You were here some fountains a long staircase History has recorded: On T:1 you entered the Dungeons of Doom to retrieve the Amulet of Yendor! On T:723 you reached level 2 of The Dungeons of Doom. On T:1116 you advanced to experience level 2. On T:1338 you reached level 3 of The Dungeons of Doom. On T:1471 you advanced to experience level 3. Score breakdown: Gold: 184 ( 7712 points) Experience: 3 levels ( 7878 points) Exploration: 3 levels ( 6.25%) ( 6188 points) Discoveries: 0 items ( 0.00%) ( 0 points) Valuables value: (no points given unless you survive) Artifact value: 0 ( 0 points) Variety of kills: 13 monsters ( 3.41%) ( 5541 points) Turncount: 1634 turns ( 0 points) Survival: died (score multiplied by 80%) Total score: 21855 Latest messages: There is a doorway here. You see here a jackal corpse. There is a doorway here. You see here a jackal corpse. You displace maple. Maple eats a jackal corpse. You displace maple. Maple misses the grid bug. The grid bug bites! Maple bites the grid bug. The grid bug is killed! You displace maple. You miss the grid bug. The grid bug bites! You kill the grid bug! The grid bug bites! You hit the grid bug. The grid bug bites! You kill the grid bug! The little dog bites! (2x) You miss the little dog. The little dog bites! You miss the little dog. The little dog bites! (2x) You die... Final status: Goodbye TKirby the Wizard, killed by a little dog... You died in The Dungeons of Doom on dungeon level 3 with 21855 points, and 184 pieces of gold, after 1634 moves. You were level 3 with a maximum of 24 hit points when you died.